AoeStats
← crtolino93

Arabia

504685934Analyzed
2v2 RM · 27d ago on Sep 6, 2026· 49m 53s· 4 players
Game mode
Random Map
Map size
Medium (4 player)
Population
200
Speed
Normal
Resources
Standard
Victory
Conquest
Starting age
Dark Age
Ending age
Imperial Age
RankedLock teamsTeams togetherTeam positionsShared explorationLock speedFull tech treeHidden civsTurbo modeCheats
Victory
Defeat
🇩🇪 Romans · Germany
1154
+17
🇩🇪 Persians · Germany
1151
+17
🇹🇼 Magyars · Taiwan
1213
-19
🇸🇮 Ethiopians · Slovenia
1121
-15
Pepschelle
6:13 Loom
9:31 Feudal Age
9:54 Man-at-Arms
13:58 Scale Mail Armor
17:56 Fletching
18:25 Double-Bit Axe
18:36 Horse Collar
20:00 Padded Archer Armor
24:19 Castle Age
25:38 Wheelbarrow
24:38 Elite Skirmisher
24:46 Long Swordsman
25:28 Squires
33:04 Pikeman
45:23 Imperial Age
44:02 Bodkin Arrow
44:29 Chain Mail Armor
45:04 Ballistics
45:26 Hand Cart
44:57 Town Watch
46:05 Bow Saw
46:23 Forging
46:29 Leather Archer Armor
46:31 Legionary
47:57 Conscription
48:32 Town Patrol
48:56 Heavy Scorpion
Infey
6:28 Loom
9:18 Feudal Age
10:04 Double-Bit Axe
19:43 Castle Age
18:57 Scale Barding Armor
19:06 Bloodlines
21:39 Forging
23:57 Gold Mining
24:52 Pikeman
26:49 Iron Casting
28:30 Husbandry
29:26 Wheelbarrow
28:38 Town Watch
30:23 Horse Collar
34:54 Imperial Age
33:20 Chain Barding Armor
34:34 Cavalier
38:07 Plate Barding Armor
45:09 Masonry
45:34 Conscription
46:10 Bow Saw
47:13 Fletching
47:53 Savar
49:56 Blast Furnace
fox0503
6:43 Loom
9:06 Feudal Age
17:45 Double-Bit Axe
20:34 Castle Age
18:37 Horse Collar
19:24 Bloodlines
21:31 Bow Saw
21:54 Scale Barding Armor
22:07 Heavy Plow
22:13 Husbandry
25:28 Chain Barding Armor
25:59 Fletching
29:08 Wheelbarrow
31:27 Town Watch
33:55 Hand Cart
43:58 Imperial Age
43:54 Murder Holes
44:28 Gold Mining
45:12 Crop Rotation
45:43 Two-Man Saw
45:21 Plate Barding Armor
45:00 Corvinian Army
crtolino93
1:33 Loom
11:07 Feudal Age
12:36 Double-Bit Axe
14:33 Man-at-Arms
18:23 Horse Collar
20:10 Fletching
22:16 Padded Archer Armor
25:36 Castle Age
25:40 Scale Mail Armor
27:02 Bodkin Arrow
30:08 Wheelbarrow
32:07 Heavy Plow
33:46 Gold Mining
33:49 Stone Mining
34:39 Crossbowman
35:41 Town Watch
37:12 Chain Mail Armor
38:32 Leather Archer Armor
39:19 Hand Cart
39:44 Forging
41:33 Gold Shaft Mining
46:26 Imperial Age
44:35 Iron Casting
44:19 Bow Saw
45:52 Ballistics
45:47 Squires
46:27 Halberdier
47:41 Plate Mail Armor
48:12 Blast Furnace
Connection lost

Rejoining the realm…

Still unreachable

The connection could not be restored.

Session expired

The server has moved on; the page needs a fresh start.